AoeStats
← Erickinio

Arena

510168986Analyzed
3v3 RM · 2d ago on Sep 29, 2026· 62m 55s· 6 players
Game mode
Random Map
Map size
Normal (6 player)
Population
200
Speed
Normal
Resources
Standard
Victory
Conquest
Starting age
Dark Age
Ending age
Imperial Age
RankedLock teamsTeams togetherTeam positionsShared explorationLock speedFull tech treeHidden civsTurbo modeCheats
Victory
Defeat
🇳🇿 Khmer · New Zealand
997
+16
🇹🇷 Japanese · Türkiye
975
+17
🇦🇷 Celts · Argentina
948
+18
🇹🇷 Turks · Türkiye
1050
-20
🇹🇷 Bengalis · Türkiye
1011
-18
🇹🇷 Lithuanians · Türkiye
909
-13
Wrecking Ball Paul
9:47 Feudal Age
14:28 Castle Age
12:13 Loom
15:56 Wheelbarrow
18:53 Horse Collar
19:12 Double-Bit Axe
20:17 Loom
24:07 Heavy Plow
25:25 Bow Saw
26:14 Husbandry
26:25 Bloodlines
26:20 Gold Mining
28:45 Bloodlines
30:50 Gold Shaft Mining
30:34 Hand Cart
34:24 Imperial Age
32:45 Stone Mining
33:13 Padded Archer Armor
36:04 Pikeman
36:10 Heavy Scorpion
37:03 Light Cavalry
37:51 Hussar
41:47 Capped Ram
43:43 Elite Battle Elephant
44:52 Elite Ballista Elephant
47:55 Elite Battle Elephant
49:43 Elite Battle Elephant
51:33 Tusk Swords
51:41 Elite Skirmisher
52:41 Leather Archer Armor
52:17 Fletching
52:33 Scale Barding Armor
52:39 Forging
59:09 Double Crossbow
Erickinio
11:11 Feudal Age
11:16 Man-at-Arms
11:56 Loom
12:04 Double-Bit Axe
12:26 Arson
16:23 Forging
20:12 Gold Mining
20:13 Stone Mining
24:26 Castle Age
23:12 Fletching
23:28 Scale Mail Armor
23:25 Horse Collar
24:43 Padded Archer Armor
25:18 Gambesons
25:00 Elite Skirmisher
26:06 Pikeman
28:15 Wheelbarrow
29:18 Gold Shaft Mining
29:18 Stone Shaft Mining
32:09 Stronghold
34:15 Iron Casting
34:31 Masonry
36:26 Bow Saw
37:18 Stone Shaft Mining
37:11 Chain Mail Armor
46:40 Imperial Age
47:03 Bodkin Arrow
47:23 Leather Archer Armor
47:28 Hand Cart
47:42 Heavy Plow
47:57 Onager
49:55 Halberdier
56:07 Long Swordsman
58:41 Ballistics
Jewish MasterMind
10:10 Feudal Age
16:53 Castle Age
14:43 Loom
14:53 Double-Bit Axe
15:29 Horse Collar
16:17 Scale Mail Armor
16:27 Stone Mining
17:02 Fletching
18:12 Loom
18:44 Pikeman
23:19 Bodkin Arrow
24:50 Yasama
27:45 Town Watch
31:38 Imperial Age
30:15 Wheelbarrow
30:38 Ballistics
33:56 Conscription
34:07 Chain Mail Armor
34:44 Bow Saw
35:10 Heavy Plow
35:17 Halberdier
35:59 Squires
36:12 Forging
37:16 Plate Mail Armor
38:42 Hand Cart
38:17 Arson
39:12 Iron Casting
38:45 Treadmill Crane
39:01 Murder Holes
38:54 Arrowslits
38:59 Guard Tower
39:43 Gold Mining
40:58 Two-Man Saw
41:26 Blast Furnace
42:17 Chemistry
42:39 Gold Shaft Mining
43:11 Fortified Wall
43:40 Keep
42:37 Elite Samurai
44:11 Siege Engineers
45:22 Capped Ram
48:15 Kataparuto
51:55 Bracer
51:57 Padded Archer Armor
52:20 Masonry
52:23 Elite Skirmisher
53:11 Thumb Ring
53:31 Leather Archer Armor
55:08 Fortified Wall
55:31 Ring Archer Armor
Zeus
11:41 Feudal Age
13:19 Horse Collar
13:30 Double-Bit Axe
18:54 Castle Age
19:56 Heavy Plow
20:00 Husbandry
20:12 Bloodlines
20:10 Scale Barding Armor
22:30 Bow Saw
29:48 Imperial Age
30:35 Chain Barding Armor
30:27 Forging
31:28 Stone Mining
31:05 Siege Elephant
33:52 Conscription
35:34 Plate Barding Armor
37:26 Elite Ratha (Ranged)
37:35 Elite Battle Elephant
38:52 Iron Casting
39:30 Crop Rotation
39:07 Padded Archer Armor
38:31 Elite Skirmisher
41:25 Blast Furnace
40:41 Leather Archer Armor
40:17 Fletching
42:24 Chemistry
43:19 Onager
44:55 Wheelbarrow
44:06 Loom
47:54 Ring Archer Armor
47:19 Bodkin Arrow
|TSK|CAKIRHAN
12:54 Feudal Age
19:07 Castle Age
16:57 Double-Bit Axe
16:55 Horse Collar
19:03 Fletching
25:42 Bow Saw
28:22 Imperial Age
26:12 Gold Mining
27:30 Heavy Plow
33:36 Conscription
33:23 Padded Archer Armor
41:27 Leather Archer Armor
41:19 Scale Barding Armor
41:24 Forging
41:24 Town Watch
45:55 Wheelbarrow
55:15 Bloodlines
55:05 Husbandry
55:11 Scale Mail Armor
55:34 Chain Barding Armor
Mcmeta3918
11:27 Feudal Age
12:10 Horse Collar
12:52 Double-Bit Axe
15:29 Scale Barding Armor
16:37 Bloodlines
17:37 Forging
19:39 Castle Age
19:28 Forging
32:41 Husbandry
39:44 Wheelbarrow
42:15 Iron Casting
42:01 Chain Barding Armor
43:52 Scale Mail Armor
45:04 Hand Cart
57:31 Imperial Age
60:08 Light Cavalry
Connection lost

Rejoining the realm…

Still unreachable

The connection could not be restored.

Session expired

The server has moved on; the page needs a fresh start.